Cogmind - Beta 12 X4 @@@ ROGUE MODE // 2022.12.29 @ 16:30:43 Player: Jezoensis Result: Destroyed by L-31 Rogue with Katana Performance ------------- Evolutions (2) 1000 Regions Visited (8) 1600 Robots Destroyed (69) 345 Value Destroyed (2688) 2688 Prototype IDs (27) 540 Alien Tech Used (0) 0 Bonus (2452) 2452 TOTAL SCORE: 8625 Bonus ------- High Alert Combat Kills 186 Follower Combat Kills 66 Entered Garrisons 400 Used RIF Installer 1500 Aligned with FarCom 300 Cogmind --------- Core Integrity 0/550 Matter 151/300 Energy 144/150 System Corruption 6% Temperature Cool (0) Movement Hovering (40) Location -8/Garrison Parts ------- > --- POWER (1) -------- Light Angular Momentum Engine > --- PROPULSION (4) --- Hover Unit Aerolev Unit Aerolev Unit Aerolev Unit > --- UTILITY (4) ------ Medium Storage Unit Improved Terrain Scan Processor Advanced Melee Analysis Suite Relay Coupler [Grunt] (5) > --- WEAPON (2) ------- Datajack Great Maul > --- INVENTORY (10) --- Backup Propulsion I Backup Propulsion I Small Storage Unit Improved Terrain Scanner Seismic Detector Relay Coupler [NC] (38) Trap Reconfigurator Rocket Launcher Axe Peak State ------------ > --- POWER ------------ Light Angular Momentum Engine > --- PROPULSION ------- Advanced Treads Aerolev Unit Aerolev Unit Aerolev Unit > --- UTILITY ---------- High-capacity Storage Unit Improved Terrain Scan Processor Advanced Targeting Computer Relay Coupler [Grunt] > --- WEAPON ----------- Enhanced Autogun Assault Cannon > --- INVENTORY -------- Improved Heat Sink Small Storage Unit High-capacity Matter Pod Improved Terrain Scanner Seismic Detector Hardened Light Armor Plating Relay Coupler [NC] Relay Coupler [NC] Relay Coupler [Swarmer] Trap Reconfigurator Rocket Launcher Improved Grenade Launcher Datajack Great Maul Axe [Rating: 40] Favorites ----------- Power Enhanced Nuclear Core Engine Light Angular Momentum Engine Power Core Enhanced Nuclear Core Propulsion Wheel Treads Light Treads Wheel Wheel Hover Unit Aerolev Unit Utility High-capacity Storage Unit Device Improved Terrain Scanner Storage High-capacity Storage Unit Processor Improved Terrain Scan Processor Hackware Relay Coupler [Grunt] Protection Hardened Light Armor Plating Weapon Pulse Rifle Energy Gun Pulse Rifle Energy Cannon Light EM Pulse Cannon Ballistic Gun Light Assault Rifle Ballistic Cannon Assault Cannon Launcher Improved Grenade Launcher Special Weapon Mining Laser Impact Weapon Great Maul Slashing Weapon Axe Special Melee Weapon Datajack Build | -11 -10 -10 -10 -9 -8 -8 -8 -8 ------- Run | Scr Mat Min Exi Min Mat Gar Mat Gar Slots Evolved 4 | . . . . . 4 . . . Power . | . . . . . . . . . Propulsion 2 | . . . . . 2 . . . Utility 2 | . . . . . 2 . . . Weapon . | . . . . . . . . . Parts Attached 141 | 8 15 . 1 4 54 40 10 9 Power 9 | 1 1 . . . 5 2 . . Engine 6 | 1 . . . . 3 2 . . Core 3 | . 1 . . . 2 . . . Reactor . | . . . . . . . . . Propulsion 31 | 2 5 . . 1 13 8 2 . Treads 12 | . 2 . . 1 6 3 . . Leg . | . . . . . . . . . Wheel 13 | 2 3 . . . 6 2 . . Hover 6 | . . . . . 1 3 2 . Flight . | . . . . . . . . . Utility 50 | 3 3 . 1 1 13 12 8 9 Device 22 | 2 1 . . 1 4 4 5 5 Storage 7 | 1 2 . 1 . 1 1 1 . Processor 4 | . . . . . 2 1 . 1 Hackware 3 | . . . . . . 2 1 . Protection 14 | . . . . . 6 4 1 3 Artifact . | . . . . . . . . . Weapon 51 | 2 6 . . 2 23 18 . . Energy Gun 15 | 1 3 . . 1 7 3 . . Energy Cannon 3 | . . . . . 3 . . . Ballistic Gun 8 | 1 3 . . . 3 1 . . Ballistic Cannon 1 | . . . . . . 1 . . Launcher 8 | . . . . 1 3 4 . . Special Weapon 3 | . . . . . 3 . . . Impact Weapon 8 | . . . . . 3 5 . . Slashing Weapon 1 | . . . . . 1 . . . Piercing Weapon . | . . . . . . . . . Special Melee Weapon 4 | . . . . . . 4 . . Unidentified Prototypes 4 | . . . . . 4 . . . Parts Lost 16 | . 2 . . 1 5 8 . . Power 2 | . 1 . . . . 1 . . Propulsion 8 | . 1 . . . 3 4 . . Utility 3 | . . . . 1 . 2 . . Weapon 3 | . . . . . 2 1 . . Highest Loss Streak 4 | . 1 . . 1 1 4 . . To Critical Strikes . | . . . . . . . . . Average Slot Usage (%) 95 | . 92 100 100 99 99 89 96 99 Engine 4 | . 9 . . . 3 3 9 9 Core 6 | . 2 14 14 14 5 5 . . Treads 10 | . 6 . . 14 18 8 . . Wheel 15 | . 20 28 28 14 17 9 . . Hover 5 | . . . . . . 9 32 36 Device 8 | . 11 14 14 13 6 6 7 3 Storage 10 | . 11 14 14 14 9 9 9 9 Processor 9 | . . . . . 14 15 9 9 Hackware 1 | . . . . . . 3 10 9 Protection 2 | . . . . . 5 1 . 4 Energy Gun 9 | . 12 14 14 13 10 5 . . Ballistic Gun 6 | . 15 14 14 14 2 4 . . Impact Weapon 2 | . . . . . 1 2 9 9 Special Melee Weapon 1 | . . . . . . 2 9 9 Naked Turns . | . . . . . . . . . Heaviest Build 64 | 12 50 50 50 30 64 59 29 29 Greatest Support 43 | 20 26 26 26 16 26 43 30 30 Greatest Overweight (x) 5 | . 4 1 1 1 5 5 . . Average Overweight (x) . | . . 1 1 1 1 . . . Largest Inventory Capacity 20 | 8 20 20 20 15 20 20 10 10 Average Capacity 15 | 6 9 20 19 15 19 16 9 10 Most Carried 20 | 5 16 15 17 15 20 20 10 10 Average Carried 14 | 3 7 15 15 14 18 15 8 9 Final Capacity 20 | 5 20 20 15 15 20 8 10 10 Final Carried 20 | 5 15 15 15 14 20 8 10 9 Class Distribution -------------------- 47% | Mutant 22% | Scavenger-Mutant 11% | Scout 5% | Assassin 5% | Skirmisher 4% | Scavenger-Skirmisher Dominant Class ---------------- Mutant | -10/Materials Scavenger-Mutant | -10/Mines Scavenger-Mutant | -10/Exiles Mutant | -9/Mines Mutant | -8/Materials Scout | -8/Garrison Scout | -8/Materials Mutant | -8/Garrison Resources | -11 -10 -10 -10 -9 -8 -8 -8 -8 ----------- Run | Scr Mat Min Exi Min Mat Gar Mat Gar Matter Collected 1895 | 263 219 . 10 74 549 676 17 87 Remotely . | . . . . . . . . . Salvage Created 1731 | 50 449 . . 71 889 168 17 87 Parts 107 | 5 26 . . 12 42 16 . 6 Haulers Intercepted 2 | . . . . . 2 . . . Recyclers Shooed 3 | . 3 . . . . . . . Parts Field Recycled . | . . . . . . . . . Retrieved Matter . | . . . . . . . . . Parts Self-Destructed . | . . . . . . . . . Prevented . | . . . . . . . . . Kills | -11 -10 -10 -10 -9 -8 -8 -8 -8 ------- Run | Scr Mat Min Exi Min Mat Gar Mat Gar Combat Hostiles Destroyed 51 | . 7 . . 6 21 15 . 2 Melee 1 | . . . . . . . . 1 Guns 20 | . 7 . . 3 9 1 . . Cannons 3 | . . . . . 2 1 . . AOE 24 | . . . . 3 8 13 . . Classes Destroyed 12 | 1 6 . . . 3 2 . . Worker 3 | . 1 . . . 2 . . . Builder 3 | . 1 . . . 2 . . . Tunneler 5 | 3 . . . 1 . . 1 . Hauler 2 | . . . . . 2 . . . Recycler 3 | . 2 . . . 1 . . . Operator 1 | . . . . . 1 . . . Watcher 1 | . 1 . . . . . . . Swarmer 23 | . 3 . . 6 8 6 . . Grunt 15 | . 4 . . . 9 1 . 1 Brawler 2 | . . . . . . 2 . . Sentry 6 | . . . . . 4 1 . 1 Programmer 5 | . . . . . . 5 . . Best Kill Streak 8 | 3 4 . . 4 8 5 1 1 Combat Bots Only 8 | . 3 . . 3 8 5 . 1 Max Kills in Single Turn 3 | 1 1 . . 2 3 2 1 1 Gunslinging . | . . . . . . . . . Exploded 3 | . . . . 2 3 2 . . Melee 1 | . . . . . . . . 1 Uniques/NPCs Destroyed . | . . . . . . . . . Combat | -11 -10 -10 -10 -9 -8 -8 -8 -8 -------- Run | Scr Mat Min Exi Min Mat Gar Mat Gar Damage Taken 3142 | . 370 32 . 143 1289 904 . 404 Core 750 | . 154 23 . 20 246 130 . 177 Absorbed by Shields . | . . . . . . . . . Core Remaining (%) 60 | 100 . . . 21 . . . . Volleys Fired 141 | 4 51 . . 9 49 28 . . Largest 2 | 2 2 . . 2 2 2 . . Hottest 126 | 70 100 . . 85 126 99 . . Shots Fired 237 | 8 101 . . 16 72 40 . . Gun 189 | 8 101 . . 14 47 19 . . Cannon 16 | . . . . . 14 2 . . Launcher 27 | . . . . 2 6 19 . . Special 5 | . . . . . 5 . . . Kinetic 88 | 4 68 . . 7 1 8 . . Thermal 108 | 4 33 . . 7 51 13 . . Explosive 27 | . . . . 2 6 19 . . Electromagnetic 14 | . . . . . 14 . . . Robot Hit Streak 18 | 5 9 . . 3 18 12 . . Robot Miss Streak 3 | . 3 . . 3 2 2 . . Penetration Max . | . . . . . . . . . Secondary Targets 3 | . 1 . . . 2 . . . Max Gunslinging Chain 1 | . 1 . . . 1 . . . Shots Hit Robots 178 | 5 70 . . 7 57 24 5 10 Core Hits 106 | 4 27 . . 9 39 26 . 1 Critical Kills 2 | . . . . . 1 . . 1 Critical Parts Destroyed 2 | . . . . . 1 . . 1 Critical Strikes 11 | . 3 . . 1 4 1 . 2 Burn 6 | . 3 . . 1 1 1 . . Corrupt 1 | . . . . . 1 . . . Smash 4 | . . . . . 2 . . 2 Melee Attacks 46 | . . . . . 14 7 7 18 Impact 32 | . . . . . 13 3 2 14 Slashing 1 | . . . . . 1 . . . Piercing . | . . . . . . . . . Sneak Attacks 7 | . . . . . 4 . 3 . Combat Hostiles . | . . . . . . . . . Follow-up Attacks . | . . . . . . . . . Damage Inflicted 5371 | 65 679 . . 269 2291 1715 96 256 Guns 1604 | 65 679 . . 111 581 168 . . Cannons 299 | . . . . . 274 25 . . Explosions 2487 | . . . . 158 807 1522 . . Melee 981 | . . . . . 629 . 96 256 Ramming . | . . . . . . . . . Kinetic 475 | 16 366 . . 16 19 58 . . Thermal 1332 | 49 313 . . 95 740 135 . . Explosive 2309 | . . . . 158 629 1522 . . Electromagnetic 274 | . . . . . 274 . . . Impact 981 | . . . . . 629 . 96 256 Slashing . | . . . . . . . . . Piercing . | . . . . . . . . . Highest Corruption 6 | . . . . . . 6 6 6 Average Corruption 5 | . . . . . . 5 6 6 Corruption Purged . | . . . . . . . . . Corruption Blocked . | . . . . . . . . . Effects 18 | . . . . . . 12 1 5 Message Errors 6 | . . . . . . 4 . 2 Matter Fused 6 | . . . . . . 4 . 2 Heat Flow Errors 2 | . . . . . . 2 . . Data Loss (minor) 1 | . . . . . . 1 . . Data Loss (major) 2 | . . . . . . 1 . 1 Alerts 1 | . . . . . . . 1 . Overload Shots . | . . . . . . . . . Overflow Damage 271 | . . . . . 88 78 56 49 Projectiles . | . . . . . . . . . Explosions 86 | . . . . . 8 78 . . Melee 185 | . . . . . 80 . 56 49 Knockbacks . | . . . . . . . . . Impact . | . . . . . . . . . Kinetic . | . . . . . . . . . Secondary . | . . . . . . . . . Self-Inflicted Damage 449 | . . . . . 97 352 . . Shots 15 | . . . . . 3 12 . . Rammed . | . . . . . . . . . Targets Rammed . | . . . . . . . . . Kicked . | . . . . . . . . . Crushed . | . . . . . . . . . Highest Temperature 276 | 60 225 . . 156 264 276 . 10 Average Temperature 70 | 26 65 . . 59 72 85 . 10 Received Heat Transfer 822 | . 171 . . 48 450 72 . 81 Effects 6 | . 3 . . . 3 . . . Energy Bleed 1 | . . . . . 1 . . . Interference 5 | . 3 . . . 2 . . . Siege Activations . | . . . . . . . . . Robots Corrupted 1 | . . . . . 1 . . . Combat Hostiles 1 | . . . . . 1 . . . Parts Fried 7 | . . . . . 4 . 1 2 Impact Corruptions 8 | . . . . . 3 . 2 3 Robots Melted 1 | . . . . . 1 . . . Combat Hostiles 1 | . . . . . 1 . . . Parts Melted 10 | 1 2 . . . 6 1 . . Heat Transferred 3419 | 148 1110 . . 296 1495 370 . . Parts Sabotaged . | . . . . . . . . . Parts Stolen . | . . . . . . . . . Parts Stripped . | . . . . . . . . . Power Chain Reactions 2 | . . . . . 2 . . . Missiles Intercepted . | . . . . . . . . . Alert | -11 -10 -10 -10 -9 -8 -8 -8 -8 ------- Run | Scr Mat Min Exi Min Mat Gar Mat Gar Peak Influence 856 | 15 241 15 . 183 473 856 452 242 Initial 417 | . 9 15 . . 70 307 417 122 Average 251 | 4 136 15 . 105 110 662 262 173 Maximum Alert Level 3 | . 1 . . . 2 3 2 1 Low Security (%) 62 | 100 70 100 . 100 88 . 55 60 Level 1 12 | . 29 . . . 5 11 12 39 Level 2 9 | . . . . . 5 23 32 . Level 3 15 | . . . . . . 65 . . Level 4 . | . . . . . . . . . Level 5 . | . . . . . . . . . High Security . | . . . . . . . . . Max Security . | . . . . . . . . . Squads Dispatched 7 | . 3 . . . 4 . . . Investigation 3 | . 1 . . . 2 . . . Extermination . | . . . . . . . . . Reinforcement 4 | . 2 . . . 2 . . . Assault . | . . . . . . . . . Garrison . | . . . . . . . . . Intercept . | . . . . . . . . . Searches Triggered . | . . . . . . . . . Construction Impeded . | . . . . . . . . . Haulers Reinforced . | . . . . . . . . . Active Scanning Responses . | . . . . . . . . . Cargo Convoy Interrupts . | . . . . . . . . . Alert ID Control Effect 2 | . . . . . . . . 2 Stealth | -11 -10 -10 -10 -9 -8 -8 -8 -8 --------- Run | Scr Mat Min Exi Min Mat Gar Mat Gar Distress Signals 4 | . 2 . . . 2 . . . Communications Jammed . | . . . . . . . . . Distress Signals . | . . . . . . . . . Times Spotted 77 | . 11 . . 7 33 16 2 8 Peak Tracking Total 6 | . 3 . . 3 6 5 1 6 Tactical Retreats 4 | . . . . . 3 1 . . Traps | -11 -10 -10 -10 -9 -8 -8 -8 -8 ------- Run | Scr Mat Min Exi Min Mat Gar Mat Gar Traps Triggered 7 | . . . . . 1 5 . 1 Indirectly . | . . . . . . . . . Trap Hack Attempts 3 | . . . . . . 2 1 . Triggered . | . . . . . . . . . Disarmed . | . . . . . . . . . Reprogrammed . | . . . . . . . . . Reused 2 | . . . . . . . . 2 Traps Reconfigurated 24 | . . . . . . . 6 18 Traps Extracted . | . . . . . . . . . Installed . | . . . . . . . . . Triggered 2 | . . . . . . . . 2 Machines | -11 -10 -10 -10 -9 -8 -8 -8 -8 ---------- Run | Scr Mat Min Exi Min Mat Gar Mat Gar Machines Disabled 10 | . . . . 1 2 5 1 1 Max in Single Turn 1 | . . . . 1 1 1 1 1 Garrison Relay 4 | . . . . . . 3 . 1 Phase Generator 1 | . . . . . . 1 . . Machines Sabotaged . | . . . . . . . . . Overloaded Fab Kills . | . . . . . . . . . Hacking | -11 -10 -10 -10 -9 -8 -8 -8 -8 --------- Run | Scr Mat Min Exi Min Mat Gar Mat Gar Machines Accessed 20 | . 4 1 1 . 8 1 3 2 Terminals 16 | . 4 . . . 7 1 2 2 Fabricators . | . . . . . . . . . Repair Stations . | . . . . . . . . . Recycling Units . | . . . . . . . . . Scanalyzers . | . . . . . . . . . Garrison Access 2 | . . . . . 1 . 1 . Total Hacks 46 | . 12 1 1 . 22 3 5 2 Successful 24 | . 7 1 1 . 9 1 3 2 Failed 21 | . 5 . . . 12 2 2 . Catastrophic 1 | . . . . . 1 . . . Database Lockouts 1 | . . . . . 1 . . . Manual 30 | . 11 . 1 . 16 . 2 . Terminals 42 | . 12 . . . 21 3 4 2 Fabricators . | . . . . . . . . . Repair Stations . | . . . . . . . . . Recycling Units . | . . . . . . . . . Scanalyzers . | . . . . . . . . . Garrison Access 2 | . . . . . 1 . 1 . Terminal Hacks 15 | . 5 1 1 . 3 1 2 2 Robot Analysis 6 | . 4 . . . 1 . 1 . Open Door 1 | . . 1 . . . . . . Emergency Access Points 2 | . . . . . . 1 . 1 Terminal Index 1 | . . . . . 1 . . . Unreport Threat 1 | . . . . . . . 1 . Locate Traps 2 | . 1 . . . 1 . . . Security Stations 1 | . . . . . . . . 1 EX-Prototype ID Bank 1 | . . . 1 . . . . . Fabricator Hacks . | . . . . . . . . . Repair Station Hacks . | . . . . . . . . . Recycling Unit Hacks . | . . . . . . . . . Scanalyzer . | . . . . . . . . . Garrison Access Hacks 2 | . . . . . 1 . 1 . Unlock Access 2 | . . . . . 1 . 1 . Unauthorized Hacks 7 | . 2 . . . 5 . . . Terminals 7 | . 2 . . . 5 . . . Track 1 | . . . . . 1 . . . Botnet 3 | . 1 . . . 2 . . . Disrupt 1 | . . . . . 1 . . . Operators 2 | . 1 . . . 1 . . . Fabricators . | . . . . . . . . . Repair Stations . | . . . . . . . . . Recycling Units . | . . . . . . . . . Scanalyzers . | . . . . . . . . . Garrison Access . | . . . . . . . . . Data Cores Recovered 1 | . . . . . 1 . . . Used 1 | . . . . . 1 . . . Hacking Detections 13 | . 4 . . . 7 . 2 . Full Trace Events 3 | . 1 . . . 2 . . . Feedback Events . | . . . . . . . . . Feedback Blocked . | . . . . . . . . . Robot Schematics Acquired . | . . . . . . . . . Robots Built . | . . . . . . . . . Authchips . | . . . . . . . . . Time . | . . . . . . . . . Total Robot Build Rating . | . . . . . . . . . Part Schematics Acquired . | . . . . . . . . . Parts Built . | . . . . . . . . . Authchips . | . . . . . . . . . Time . | . . . . . . . . . Total Part Build Rating . | . . . . . . . . . Parts Repaired . | . . . . . . . . . Time . | . . . . . . . . . Parts Recycled . | . . . . . . . . . Recycled Matter . | . . . . . . . . . Retrieved Matter . | . . . . . . . . . Retrieved Components . | . . . . . . . . . Parts Scanalyzed . | . . . . . . . . . Part Schematics Acquired . | . . . . . . . . . Parts Damaged . | . . . . . . . . . Bothacking | -11 -10 -10 -10 -9 -8 -8 -8 -8 ------------ Run | Scr Mat Min Exi Min Mat Gar Mat Gar Used RIF Installer 3 | . . . . . . 2 . 1 Coupler Efficiency 1 | . . . . . . 1 . . Alert ID Control 1 | . . . . . . . . 1 Robots Hacked 8 | . . . . . . 3 2 3 Non-combat 2 | . . . . . . . 2 . Combat 6 | . . . . . . 3 . 3 Robot Hacks Applied 10 | . . . . . . 3 4 3 release_backups 1 | . . . . . . . 1 . purge_threat 1 | . . . . . . . 1 . disable_weapons 1 | . . . . . . 1 . . overwrite_iff 4 | . . . . . . 2 . 2 streamctrl_high 1 | . . . . . . . . 1 formatsys_low 2 | . . . . . . . 2 . Relay Couplers Released 17 | . . . . . . 14 . 3 Machine Destruction 17 | . . . . . . 14 . 3 Attached 3 | . . . . . . 2 1 . Fabnet Peak Effective % . | . . . . . . . . . Robots Rewired . | . . . . . . . . . Allies Hacked . | . . . . . . . . . Hacks Repelled . | . . . . . . . . . Allies | -11 -10 -10 -10 -9 -8 -8 -8 -8 -------- Run | Scr Mat Min Exi Min Mat Gar Mat Gar Total Allies 7 | . . . . . . 2 2 3 Largest Group 2 | . . . . . . 1 2 1 Highest-Rated Group 20 | . . . . . . 16 20 16 Highest-Rated Ally 16 | . . . . . . 16 13 16 Total Orders . | . . . . . . . . . Ally Attacks 14 | . . . . . . 5 . 9 Total Damage 177 | . . . . . . 43 . 134 Kills 2 | . . . . . . . . 2 Allies Corrupted . | . . . . . . . . . Allies Melted . | . . . . . . . . . Intel | -11 -10 -10 -10 -9 -8 -8 -8 -8 ------- Run | Scr Mat Min Exi Min Mat Gar Mat Gar Robot Analysis Total 6 | . 4 . . . 1 . 1 . Derelict Logs Recovered 1 | . . . . 1 . . . . Drone Launches . | . . . . . . . . . Drone Recoveries . | . . . . . . . . . Exploration | -11 -10 -10 -10 -9 -8 -8 -8 -8 ------------- Run | Scr Mat Min Exi Min Mat Gar Mat Gar Turns Passed 2913 | 65 406 39 277 180 1034 622 136 154 Spaces Moved 2481 | 56 265 38 259 132 634 631 242 224 Core 37 | 37 . . . . . . . . Treads 7 | . . . . . . 7 . . Legs . | . . . . . . . . . Wheels 1595 | 19 265 38 259 132 634 248 . . Hover 842 | . . . . . . 376 242 224 Flight . | . . . . . . . . . Fastest Speed 40 | 50 80 105 105 115 105 42 40 40 Average Speed 85 | 60 86 105 105 115 116 71 42 40 Slowest Speed 240 | 80 140 105 105 115 155 240 45 40 Overloaded Moves . | . . . . . . . . . Propulsion Burnouts . | . . . . . . . . . Robots Hopped . | . . . . . . . . . Cave-ins Triggered . | . . . . . . . . . Exploration Rate (%) 40 | 4 48 17 67 35 58 67 24 42 Regions Visited 8 Branch Regions 3 Pre-discovered Areas . | . . . . . . . . . Known Exits Taken 2 | . . . . . 1 . 1 . Unknown Exits Taken 5 | 1 1 1 1 1 . . . . Scrap Searched 1 | . . . . 1 . . . . Spaces Dug 9 | . . . . . 6 3 . . Terrain Destroyed 187 | . . . . 12 71 104 . . Melee 5 | . . . . . 2 3 . . Projectile 4 | . . . . . 4 . . . AOE 178 | . . . . 12 65 101 . . Terrain Rammed . | . . . . . . . . . Walls Destroyed . | . . . . . . . . . Machines Disabled . | . . . . . . . . . Actions | -11 -10 -10 -10 -9 -8 -8 -8 -8 --------- Run | Scr Mat Min Exi Min Mat Gar Mat Gar Total 2949 | 77 351 37 265 144 810 749 262 254 Wait 22 | 3 1 . . . 6 8 1 3 Move 2472 | 55 264 37 258 131 633 629 241 224 Hop . | . . . . . . . . . Pick Up 56 | 6 13 . 3 . 25 8 1 . Fast Attach 24 | 6 4 . . . 9 2 2 1 Attach 32 | 2 3 . . 1 10 15 . 1 Detach 12 | 1 2 . . . 3 5 1 . Swap 86 | . 8 . 1 3 36 23 8 7 Drop 47 | . 5 . 3 . 25 14 . . Fire 141 | 4 51 . . 9 49 28 . . Melee 46 | . . . . . 14 7 7 18 Ram . | . . . . . . . . . Kick . | . . . . . . . . . Crush . | . . . . . . . . . Escape Stasis 8 | . . . . . . 8 . . Rewire . | . . . . . . . . . Trap 3 | . . . . . . 2 1 . Miscellaneous . | . . . . . . . . . Route ------- -11/Scrapyard -10/Materials (discovered 2 exits: [*Mat] / *Min) -10/Mines -10/Exiles (discovered 2 exits: [*Min x2]) -9/Mines -8/Materials (discovered 4 exits: [*Fac x2] / [*Sto] / Gar) -8/Garrison (discovered 2 exits: *Mat x2) -8/Materials -8/Garrison (discovered 1 exit: [*Fac]) History --------- Turn | Location | Event 16 | -11/Scrapyard | Discovered new exit (range 14) 66 | -11/Scrapyard | Entered Materials 216 | -10/Materials | Discovered new exit (range 14) 260 | -10/Materials | Discovered new exit (range 15) 300 | -10/Materials | Build established: Mutant 348 | -10/Materials | Core integrity fell below 50% 472 | -10/Materials | Entered Mines 488 | -10/Mines | Met a Derelict who couldn't figure out how to use a Trap Extractor 497 | -10/Mines | Assembled infested the area 507 | -10/Mines | Deemed a non-threat by the Exiles lab entrance 507 | -10/Mines | Discovered new exit (range 5) 511 | -10/Mines | Entered Exiles 527 | -10/Exiles | Discovered new exit (range 16) 538 | -10/Exiles | Met 8R-AWN 555 | -10/Exiles | Met EX-HEX 628 | -10/Exiles | Met EX-BIN 640 | -10/Exiles | Aligned with FarCom system 641 | -10/Exiles | Given EX-Vault access code 665 | -10/Exiles | Opened EX-Vault 671 | -10/Exiles | Found Trap Reconfigurator 694 | -10/Exiles | Warned to stay clear of 0b10 Research branches 722 | -10/Exiles | Met EX-DEC 739 | -10/Exiles | Build established: Scavenger-Mutant 780 | -10/Exiles | Discovered new exit (range 10) 788 | -10/Exiles | Left Exiles lab with Trap Reconfigurator 788 | -10/Exiles | Entered Mines 956 | -9/Mines | Discovered new exit (range 10) 960 | -9/Mines | Learned Materials stockpile data 968 | -9/Mines | Entered Materials 968 | -8/Materials | Evolved 4 slots: Propulsion x2, Utility x2 1398 | -8/Materials | Discovered new exit (range 8) 1409 | -8/Materials | Central database locked down 1482 | -8/Materials | Discovered new exit (range 11) 1904 | -8/Materials | Discovered new exit (range 10) 1969 | -8/Materials | Destroyed 8 combat bots 2001 | -8/Materials | Identified exit to Garrison 2002 | -8/Materials | Entered Garrison 2066 | -8/Garrison | Triggered checkpoint 2071 | -8/Garrison | Triggered checkpoint 2080 | -8/Garrison | Core integrity fell below 50% 2133 | -8/Garrison | Discovered new exit (range 8) 2183 | -8/Garrison | Phase Generator disabled 2205 | -8/Garrison | Lost 4 parts (2n1u1w) 2210 | -8/Garrison | Garrison Relay disabled 2216 | -8/Garrison | Garrison Relay disabled 2221 | -8/Garrison | Garrison Relay disabled 2288 | -8/Garrison | Installed Relay Interface Framework 2402 | -8/Garrison | Lost 3 parts (1p2n) 2411 | -8/Garrison | Expanded RIF knowledge: Coupler Efficiency 2496 | -8/Garrison | Triggered checkpoint 2508 | -8/Garrison | Spotted B-75 Beast 2522 | -8/Garrison | Discovered new exit (range 15) 2522 | -8/Garrison | Spotted B-75 Beast 2624 | -8/Garrison | Entered Materials 2759 | -8/Materials | Identified exit to Garrison 2760 | -8/Materials | Entered Garrison 2760 | -8/Garrison | Accompanied by 1 ally 2812 | -8/Garrison | Triggered checkpoint 2814 | -8/Garrison | Triggered checkpoint 2827 | -8/Garrison | Learned Factory security intel 2828 | -8/Garrison | Discovered new exit (range 12) 2852 | -8/Garrison | Triggered checkpoint 2863 | -8/Garrison | Garrison Relay disabled 2888 | -8/Garrison | Core integrity fell below 20% 2891 | -8/Garrison | Expanded RIF knowledge: Alert ID Control 2914 | -8/Garrison | Destroyed by L-31 Rogue with Katana Last Messages --------------- 02888_ Acquired 49 matter. 02889_ Triggered Alarm Trap. 02889_ An alarm sounds. Initiating installation procedure... 02891_ Expanded RIF knowledge: Alert ID Control. 02895_ System corrupted: Substantial component data lost. 02897_ Hrd. Light Armor Plating severed. 02898_ Jacked G-47 Trooper... >>streamctrl_high Hijacking control node. 02900_ Acquired Hrd. Light Armor Plating. 02901_ Destroyed Heat Sink. 02901_ Y-45 Defender system corrupted by crushing effect. 02902_ Y-45 Defender system terminally corrupted. 02907_ Y-45 Defender suffers critical hit (Smash). 02907_ Destroyed Imp. Ion Engine. 02907_ Y-45 Defender system corrupted by crushing effect. 02912_ Hrd. Light Armor Plating severed. 02912_ Hrd. Light Armor Plating crushed and broken. 02913_ Y-45 Defender destroyed. Map ----- +----------------------------------------------------+ | ??????????????# #?? #??## ## ##++####+#### | | ??????????????# #?? #???# ## #??????????????? | | ??????????????# #?? #???# #######??????????????? | | ??????????????# #?# #???# #????????????????????? | | ??????????????# #? ????+ #????????????????????? | | ??????????????#^^#? #????# #????????????????????? | | ?????##########^^##+###### #????????????????????? | | ?????# #?????????????????/??? | | ?????# #?????????????????/??? | | ?????# ### ### ###+######+##????????????????????? | | ?????# #?# "## #?? ?????? ??????????????????????? | | ?????# #?# T## #?? ?????? ??????????????????????? | | ?????# #?#""## #?# ?????? ??????????????????????? | | ?????# #?##### ###+#????# #?????????????????????? | | ?????# #?????# ##???# #?????????????????????? | | ?????# #?????##### T#???# #?????????????????????? | | ?????# #?????????#!##???# #?????????????????????? | | ?????# #?????????#%#????# #?????????????????????? | | ???### #?????????#=###??# #?????????????????????? | | ???# #?????????#[ #### #?????????????????????? | | ???# < #?????????#%*=" Y #?????????????????????? | | ???# #?????????#== ####=#?????????????????????? | | ???######?????????# ###??#[#?????????????????????? | | ????????????####### #????#*#?????????????????????? | | ????????????# #???##l##????????????????????? | | ????????????##!!!## #???+@![+????????????????????? | | ????????????#"" ""# #???#"g"#????????????????????? | | ????????????####### #???#"="#????????????????????? | | ??????????????????# #???#"="#????????????????????? | | ??????????????????# #???#"""#????????????????????? | | ?????????????????? #???#####????????????????????? | | ?????????????????? ????????????????????????????? | | ??????????????????T##????????????????????????????? | | ??????????????????#??????????????????????????????? | | ?????????????????????????????????????????????????? | | ?????????????????????????????????????????????????? | | ?????????????????????????????????????????????????? | | ?????????????????????????????????????????????????? | | ?????????????????????????????????????????????????? | | ?????????????????????????????????????????????????? | | ?????????????????????????????????????????????????? | | ?????????????????????????????????????????????????? | | ?????????????????????????????????????????????????? | | | | | | | | | | | | | | | +----------------------------------------------------+ Best States ------------- Heat Dissipation 31 Energy Generation 18 Energy Capacity 300 Matter Stores 300 Matter Capacity 300 Sight Range 18 Terrain Scan Range 16 Terrain Scan Density 110 Armor Coverage 150 Resistance: TH 10 Power Shielding 66 Evasion (%) 57 Targeting Accuracy 8 Recoil Reduction 2 Relay Coupler Types 2 Relay Coupler Value 57 Item Schematics ----------------- None Robot Schematics ------------------ None Fabricated ------------ Nothing Alien Tech Used ----------------- None Achievements -------------- None Challenges ------------ None Game ------ Seed ImprinterVortexDrive Manual? 0 Play Time 00:49:43 Cumulative 856.8 hours Start 2022.12.29 @ 15:42:21 End 2022.12.29 @ 16:30:43 Sessions 1 Manual Loads 0 Difficulty Rogue Special Mode None Game No. 445 Rogue 318 Adventurer 125 Explorer 2 Win Type - Total 100 Types 82/7/6/1/1/0/0/2/1 Lore% 84 Gallery% 90 Achievement% 80 Wizard Run 0 Options --------- ASCII 0 Keyboard 1 Movement Numpad Keybinds 0 Fullscreen 1 Font 36/TerminusFine Map View 76x50 Tactical HUD 1 Map Filters NONE Filters NONE Steam 1 RUN: bf07cb7a-0200-4588-b07d-0f0045413cee